 Dungeon Crawl Stone Soup version 0.31.0-9-g3a7656b989 (webtiles) character file.

Game seed: 596931500235060288

182475 qw the Marksdemigod (level 17, -7/156 HPs)
             Began as a Demigod Hunter on Feb 2, 2024.
             Succumbed to a sea snake's poison
             ... on level 4 of the Snake Pit.
             The game lasted 00:06:20 (33690 turns).

qw the Marksdemigod (Demigod Hunter)               Turns: 33690, Time: 00:06:21

Health: -7/156     AC: 24    Str: 12    XL:     17   Next: 13%
Magic:  20/20      EV: 35    Int: 11    God:
Gold:   827        SH:  5    Dex: 37    Spells: 16/16 levels left

rFire   + . .        d - +0 longbow
rCold   + . .        (shield currently unavailable)
rNeg    . . .        i - +4 swamp dragon scales
rPois   +            n - +0 helmet
rElec   .            q - scarf {rC+ rF+}
rCorr   .            r - +2 pair of gloves {Stlth+}
SInv    +            m - +3 pair of seven-league boots {Rampage+∞}
Will    +....        e - amulet of reflection
Stlth   +++          a - ring of see invisible
HPRegen 0.46/turn    k - +5 ring of evasion
MPRegen 0.17/turn

%: reflection, rampage+inf
@: lethally poisoned (-7 -> -33), slowed, very slow
A: high MP 1, forlorn, divine attributes
a: no special abilities


You were on level 4 of the Snake Pit.
You visited 5 branches of the dungeon, and saw 29 of its levels.

You collected 2823 gold pieces.
You spent 1996 gold pieces at shops.


Innate Abilities, Weirdness & Mutations

You have an increased reservoir of magic. (+10% MP)
You shall have no god before yourself.
Your divine heritage dramatically boosts your attributes as you level up.


   Skills:
 - Level 15.0 Fighting
 + Level 18.1 Ranged Weapons
 - Level 11.0 Armour
 - Level 16.5 Dodging
 - Level 0.8 Stealth


You had 16 spell levels left.
You didn't know any spells.
Your spell library was empty.

Inventory:

Hand Weapons
 d - a +0 longbow (weapon)
Armour
 b - the +1 robe of Heleskukk {rC++ Str-4 Dex+6}
   (You found it on level 1 of the Snake Pit)

   Str-4:     It affects your strength (-4).
   Dex+6:     It affects your dexterity (+6).
   rC++:      It greatly protects you from cold.
 i - +4 swamp dragon scales (worn)
 j - a +2 cloak
 m - the +3 pair of seven-league boots (worn) {Rampage+∞}
   (You bought it in a shop on level 2 of the Orcish Mines)

   Rampage+∞: When moving toward enemies, its wearer moves as far as possible,
   alerting their target en route.
 n - a +0 helmet (worn)
 q - a scarf of resistance (worn)
 r - a +2 pair of gloves of stealth (worn)
Jewellery
 a - a ring of see invisible (left hand)
 e - an amulet of reflection (around neck)
 k - a +5 ring of evasion (right hand)
 v - a ring of protection from fire
 z - a +4 ring of protection
 Y - a ring of protection from fire
Wands
 g - a wand of polymorph (10)
 p - a wand of mindburst (4)
 s - a wand of digging (19)
 u - a wand of iceblast (23)
Scrolls
 w - 9 scrolls of identify
Potions
 c - a potion of resistance
 f - 5 potions of mutation
 h - 13 potions of curing
 o - 5 potions of enlightenment
 x - 5 potions of might

Dungeon Overview and Level Annotations

Branches:
Dungeon (15/15)            Temple (0/1) D:4            Lair (5/5) D:9
 Shoals (3/4) Lair:2        Snake (4/4) Lair:2        Slime (0/5) Lair:4
    Orc (2/2) D:9             Elf (0/3) Orc:2        Vaults (0/5) D:14
 Depths (0/4) D:15

Shops:
D:6 [   Orc:2 (([   Snake:4 [*[!

Annotations:
D:9 1 runed translucent door
Snake:3 2 transporters, Ciageutz's ghost, journeyman GnHW
Snake:4 exclusion: shock serpent


Message History

The naga sharpshooter spits poison at you.
The splash of poison misses you.
The splash of poison hits the nagaraja.
The nagaraja is poisoned.
The nagaraja hits you but does no damage.
The nagaraja constricts you.
The guardian serpent casts a spell at you.
You feel yourself slow down.
You shoot an arrow. The arrow hits the nagaraja!!
The nagaraja is almost dead.
You feel sick. The sea snake completely misses you. x2
The nagaraja hits you with a +0 club! The nagaraja constricts you.
You block the guardian serpent's attack.
The naga sharpshooter shoots an arrow.
The arrow completely misses you.
The arrow hits the nagaraja!
The arrow freezes the nagaraja.
The nagaraja dies!
The sea snake closely misses you. The sea snake completely misses you.
You shoot an arrow. The arrow hits the guardian serpent!!
You kill the guardian serpent!
You feel sick.
The naga sharpshooter shoots an arrow.
The arrow completely misses you. The sea snake completely misses you. x2
You shoot an arrow.
The arrow barely misses the naga sharpshooter.
You feel sick. The sea snake completely misses you.
The naga sharpshooter gestures wildly while chanting.
The naga sharpshooter magically shoots an arrow.
The arrow hits you! The sea snake bites you!
You are lethally poisoned!
The sea snake poisons you!
The naga sharpshooter shoots an arrow.
The arrow hits you. The sea snake completely misses you. x2
You shoot an arrow. The arrow hits the naga sharpshooter!!
The naga sharpshooter is heavily wounded.
You feel extremely sick.
The sea snake closely misses you. x2; The naga sharpshooter shoots an arrow.
You block the arrow with an invisible shield... and reflect it back!
The arrow hits the naga sharpshooter!
The arrow freezes the naga sharpshooter.
The sea snake completely misses you.
You shoot an arrow.
The arrow barely misses the naga sharpshooter.
You die...

##### #...#
#...# #...#
##.## #.# #.#
#)# ##### #.#
##S).##
##.#####S@$).#
##..##...N###..#
#..##..).## #
#.##...###
#.##...##
#.#.#.#)#
#####.##...##
##...####)#.#
#.###.##....##


You could see a naga sharpshooter and 2 sea snakes.

Vanquished Creatures
  Mlioglotl (Shoals:1)
  7 nagarajas
  Ilsuiw (Shoals:2)
  A very ugly thing (D:15)
  An orc warlord (Orc:2)
  Azrael (D:15)
  2 merfolk javelineers (Shoals:1)
  5 merfolk impalers
  4 vault guards (D:14)
  A great orb of eyes (D:15)
  7 hydras
  2 merfolk aquamancers
  A death knight (D:14)
  8 centaur warriors
  An ogre mage (D:15)
  7 catoblepae
  2 merfolk avatars
  8 anacondas
  2 boulder beetles
  2 alligator snapping turtles (Shoals:2)
  A satyr (Shoals:3)
  4 two-headed ogres
  16 naga warriors
  A tengu warrior (D:14)
  9 death yaks (Lair:5)
  3 orc high priests (Orc:2)
  6 naga sharpshooters
  9 shock serpents
  A deep elf knight (D:14)
  3 salamander mystics
  9 skysharks
  4 skeletal warriors (D:11)
  9 mana vipers
  12 sea snakes
  2 arcanists
  6 naga ritualists
  4 orc knights
  5 harpies
  3 orc sorcerers
  7 ugly things
  2 deep elf pyromancers (D:14)
  15 manticores
  3 cyclopes
  13 fauns
  A meliai (D:10)
  4 salamanders
  27 black mambas
  7 kobold blastminers
  12 merfolk sirens
  6 elephants
  5 water nymphs
  7 guardian serpents
  10 naga magi
  8 cane toads
  Maggie (D:7)
  2 gargoyles
  2 kobold demonologists (D:11)
  3 rime drakes
  7 komodo dragons
  A yaktaur (D:14)
  A freezing wraith (D:14)
  2 trolls
  A tengu conjurer (D:14)
  A merfolk (shapeshifter) (D:15)
  A troll (shapeshifter) (D:14)
  17 merfolk
  Prince Ribbit (D:6)
  5 wind drakes
  2 polar bears
  10 blink frogs
  A hornet (D:10)
  6 dream sheep (Lair:4)
  2 snapping turtles
  14 slime creatures
  A centaur simulacrum (D:14)
  2 water elementals
  3 shadows
  A wraith (D:11)
  2 fire elementals (D:15)
  A human (D:14)
  55 yaks
  4 basilisks
  3 wyverns
  4 wargs
  12 vampire mosquitoes
  4 steam dragons
  38 nagas
  3 acid dragons
  12 water moccasins
  Duvessa (D:3)
  31 orc warriors
  2 hell hounds (D:15)
  Pargi (D:3)
  A laughing skull (D:10)
  A sky beast (D:8)
  An ice beast (D:7)
  6 black bears
  A black bear (shapeshifter) (D:14)
  15 ogres
  3 boggarts (D:15)
  17 wolves
  8 centaurs
  2 phantoms (D:4)
  Blork the orc (D:4)
  5 kobold brigands
  8 bullfrogs
  2 scorpions
  9 wights
  4 killer bees (D:8)
  Dowan (D:4)
  2 electric eels
  6 howler monkeys
  A bombardier beetle (shapeshifter) (D:10)
  19 orc priests
  4 hounds
  7 jellies
  A gnoll bouda (D:7)
  5 iguanas
  A sleepcap (D:5)
  23 orc wizards
  Robin (D:4)
  12 gnolls
  10 adders
  A shadow imp (D:6)
  4 white imps
  3 dart slugs
  A ribbon worm (D:2)
  78 orcs
  7 ball pythons
  4 endoplasms
  2 giant cockroaches (D:1)
  14 goblins
  14 hobgoblins
  2 jackals (D:3)
  24 kobolds
  5 quokkas
  9 bats
  3 frilled lizards
  7 rats
913 creatures vanquished.

Vanquished Creatures (others)
  A nagaraja (Snake:4)
  An orc (D:15)
2 creatures vanquished.

Grand Total: 915 creatures vanquished

Notes
Turn   | Place    | Note
-------+----------+-------------------------------------------
     0 | D:1      | qw the Demigod Hunter began the quest for the Orb.
     0 | D:1      | Reached XP level 1. HP: 17/17 MP: 3/3
     0 | D:1      | 0 ||| qw: Version: 0.3-a-155-g5e7d8dd
     0 | D:1      | 0 ||| qw: Game counter: 494
     0 | D:1      | 0 ||| qw: Melee chars always use a shield: true
     0 | D:1      | 0 ||| qw: God list: Okawaru
     0 | D:1      | 0 ||| qw: Allow faded altars: false
     0 | D:1      | 0 ||| qw: Do Orc after clearing Dungeon:15 true
     0 | D:1      | 0 ||| qw: Do second Lair branch before Depths: true
     0 | D:1      | 0 ||| qw: Lair rune preference: random
     0 | D:1      | 0 ||| qw: Goals: Normal
     0 | D:1      | 0 ||| PLANNING D:1-11
    62 | D:1      | Reached skill level 4 in Ranged Weapons
   103 | D:1      | Reached XP level 2. HP: 24/24 MP: 4/4
   242 | D:1      | 242 ||| RETREEEEATING.
   597 | D:1      | Reached XP level 3. HP: 29/29 MP: 5/5
   737 | D:1      | 737 ||| UPGRADING to +0 ring mail.
   747 | D:1      | 747 ||| DROPPING +0 leather armour.
   748 | D:1      | 748 ||| UPGRADING to +0 pair of gloves.
   753 | D:1      | 753 ||| READING scroll labelled OMINUX TAVU.
   753 | D:1      | 753 ||| BRANDING +0 shortbow.
   754 | D:1      | 754 ||| READING scroll labelled FOOWEU SOBBICIU.
   754 | D:1      | 754 ||| ENCHANTING +0 shortbow of draining.
   755 | D:1      | 755 ||| READING 2 scrolls labelled HALUDIULUK.
   755 | D:1      | 755 ||| IDENTIFYING inky potion
   756 | D:1      | 756 ||| READING scroll of identify.
   756 | D:1      | 756 ||| IDENTIFYING fizzy red potion
   757 | D:1      | 757 ||| READING scroll labelled PIUSAOTEENG.
   761 | D:1      | 761 ||| READING scroll labelled LIESAG KINNE.
   762 | D:1      | 762 ||| DRINKING 2 orange potions.
   763 | D:1      | 763 ||| DROPPING scroll of butterflies.
   764 | D:1      | 764 ||| DROPPING potion of brilliance.
   766 | D:1      | 766 ||| Stepping ~*~*~tactically~*~*~ (cloud).
   767 | D:1      | HP: 7/29 [poisoned by you (poison gas)]
   771 | D:1      | HP: 3/29 [poisoned by you (poison gas)]
  1262 | D:2      | 1262 ||| READING scroll of enchant weapon.
  1262 | D:2      | 1262 ||| ENCHANTING +1 shortbow of draining.
  1265 | D:2      | 1265 ||| READING scroll of enchant weapon.
  1265 | D:2      | 1265 ||| ENCHANTING +2 shortbow of draining.
  1495 | D:2      | Reached skill level 5 in Ranged Weapons
  1753 | D:2      | 1753 ||| READING scroll of identify.
  1753 | D:2      | 1753 ||| IDENTIFYING scroll labelled MOLAIVISKE
  1754 | D:2      | 1754 ||| READING scroll labelled REAFIO ZILUIT.
  1755 | D:2      | 1755 ||| DROPPING scroll of revelation.
  1975 | D:3      | Reached skill level 1 in Armour
  1975 | D:3      | Reached XP level 4. HP: 36/36 MP: 6/6
  2078 | D:3      | Noticed Pargi
  2089 | D:3      | Killed Pargi
  2090 | D:3      | Reached XP level 5. HP: 37/41 MP: 7/7
  2352 | D:3      | 2352 ||| UPGRADING to ring of protection from fire.
  2353 | D:3      | 2353 ||| READING scroll labelled KANOIJ MIOWK.
  2380 | D:4      | Reached skill level 6 in Ranged Weapons
  2407 | D:4      | Noticed Duvessa
  2407 | D:4      | Noticed Dowan
  2408 | D:4      | 2408 ||| RETREEEEATING.
  2409 | D:4      | 2409 ||| RETREEEEATING.
  2410 | D:4      | 2410 ||| RETREEEEATING.
  2411 | D:4      | 2411 ||| RETREEEEATING.
  2414 | D:4      | 2414 ||| RETREEEEATING.
  2415 | D:4      | 2415 ||| RETREEEEATING.
  2416 | D:4      | 2416 ||| RETREEEEATING.
  2417 | D:4      | 2417 ||| RETREEEEATING.
  2418 | D:4      | 2418 ||| RETREEEEATING.
  2425 | D:4      | Reached skill level 3 in Fighting
  2425 | D:4      | Reached XP level 6. HP: 18/51 MP: 8/8
  2427 | D:4      | HP: 10/51 [frozen (5)]
  2428 | D:4      | 2428 ||| READING scroll of teleportation.
  2428 | D:4      | HP: 4/51 [Duvessa/+0 short sword (6)]
  2429 | D:4      | 2429 ||| DRINKING potion of heal wounds.
  2436 | D:4      | 2436 ||| FLEEEEING.
  2437 | D:4      | 2437 ||| FLEEEEING.
  2438 | D:4      | 2438 ||| FLEEEEING.
  2439 | D:4      | 2439 ||| FLEEEEING.
  2440 | D:4      | 2440 ||| FLEEEEING.
  2443 | D:4      | 2443 ||| FLEEEEING.
  2444 | D:4      | 2444 ||| FLEEEEING.
  2445 | D:4      | 2445 ||| FLEEEEING.
  2451 | D:4      | Killed Dowan
  2474 | D:4      | 2474 ||| FLEEEEING.
  2480 | D:4      | 2480 ||| FLEEEEING.
  2490 | D:4      | 2490 ||| FLEEEEING.
  2491 | D:4      | 2491 ||| STAIRDANCE
  2586 | D:4      | 2586 ||| STAIRDANCE
  2591 | D:3      | HP: 11/51 [Duvessa/+0 short sword (7)]
  2592 | D:3      | Killed Duvessa
  2593 | D:3      | Reached skill level 3 in Dodging
  2832 | D:4      | Noticed Blork the orc
  2837 | D:4      | Killed Blork the orc
  2903 | D:4      | Reached XP level 7. HP: 52/57 MP: 9/9
  2927 | D:4      | Found a staircase to the Ecumenical Temple.
  3010 | D:4      | Noticed Robin
  3025 | D:4      | Killed Robin
  3031 | D:4      | 3031 ||| FLEEEEING.
  3338 | D:4      | 3338 ||| UPGRADING to +0 robe of willpower.
  3348 | D:4      | 3348 ||| UPGRADING to +0 helmet.
  3353 | D:4      | 3353 ||| UPGRADING to +5 ring of evasion.
  3354 | D:4      | 3354 ||| READING 2 scrolls of identify.
  3354 | D:4      | 3354 ||| IDENTIFYING fuming yellow potion
  3355 | D:4      | 3355 ||| READING scroll of identify.
  3355 | D:4      | 3355 ||| IDENTIFYING viscous green potion
  3356 | D:4      | 3356 ||| READING scroll labelled JESUNU NA MEV.
  3457 | D:4      | 3457 ||| DROPPING potion of lignification.
  3469 | D:5      | Entered Level 5 of the Dungeon
  3496 | D:5      | Reached skill level 7 in Ranged Weapons
  3635 | D:5      | 3635 ||| FLEEEEING.
  3637 | D:5      | 3637 ||| FLEEEEING.
  3638 | D:5      | 3638 ||| FLEEEEING.
  3640 | D:5      | 3640 ||| FLEEEEING.
  3641 | D:5      | 3641 ||| FLEEEEING.
  3642 | D:5      | 3642 ||| FLEEEEING.
  3643 | D:5      | 3643 ||| FLEEEEING.
  4253 | D:5      | 4253 ||| READING scroll of identify.
  4253 | D:5      | 4253 ||| IDENTIFYING fuming grey potion
  4254 | D:5      | 4254 ||| READING scroll labelled ZIMEDY LUETOIR.
  4255 | D:5      | 4255 ||| DROPPING potion of berserk rage.
  4286 | D:6      | Reached skill level 8 in Ranged Weapons
  4419 | D:6      | Noticed Prince Ribbit
  4432 | D:6      | Killed Prince Ribbit
  4433 | D:6      | Reached XP level 8. HP: 67/67 MP: 10/10
  4449 | D:6      | 4449 ||| FLEEEEING.
  4509 | D:6      | Identified the +3 chain mail of Fortification {Str+2 Dex+3}
  4586 | D:6      | 4586 ||| RETREEEEATING.
  4588 | D:6      | 4588 ||| RETREEEEATING.
  4592 | D:6      | 4592 ||| RETREEEEATING.
  4740 | D:6      | Found Plog's Antique Armour Emporium.
  4754 | D:6      | 4754 ||| BUYING pair of boots (135 gold).
  4754 | D:6      | Bought a pair of boots for 135 gold pieces
  4754 | D:6      | 4754 ||| SHOPLISTING runed scarf (240 gold, have 167).
  4754 | D:6      | 4754 ||| SHOPLISTING shiny ring mail (210 gold, have 167).
  4816 | D:6      | Reached skill level 9 in Ranged Weapons
  5034 | D:6      | 5034 ||| FLEEEEING.
  5117 | D:6      | 5117 ||| UPGRADING to +0 pair of boots.
  5122 | D:6      | 5122 ||| UPGRADING to amulet of reflection.
  5127 | D:6      | 5127 ||| READING 2 scrolls of identify.
  5127 | D:6      | 5127 ||| IDENTIFYING ruby potion
  5128 | D:6      | 5128 ||| READING scroll of identify.
  5128 | D:6      | 5128 ||| IDENTIFYING fuming coppery potion
  5129 | D:6      | 5129 ||| READING 3 scrolls labelled DIONID CEUNNY.
  5130 | D:6      | 5130 ||| DROPPING potion of ambrosia.
  5131 | D:6      | 5131 ||| DROPPING 2 scrolls of immolation.
  5228 | D:7      | Noticed Maggie
  5240 | D:7      | Killed Maggie
  5804 | D:7      | Reached XP level 9. HP: 74/74 MP: 11/11
  6004 | D:7      | Reached skill level 6 in Dodging
  6099 | D:7      | 6099 ||| DROPPING +0 ring mail.
  6100 | D:7      | 6100 ||| UPGRADING to +0 swamp dragon scales.
  6110 | D:7      | 6110 ||| DROPPING +0 robe of willpower.
  6111 | D:7      | 6111 ||| DROPPING wand of flame (40).
  6159 | D:8      | Reached skill level 3 in Armour
  6261 | D:8      | Reached skill level 10 in Ranged Weapons
  6571 | D:8      | Reached skill level 6 in Fighting
  6949 | D:8      | 6949 ||| DRINKING 2 amethyst potions.
  6979 | D:9      | Found a runed translucent door.
  7049 | D:9      | 7049 ||| RETREEEEATING.
  7053 | D:9      | 7053 ||| RETREEEEATING.
  7055 | D:9      | 7055 ||| RETREEEEATING.
  7078 | D:9      | Reached skill level 11 in Ranged Weapons
  7078 | D:9      | Reached XP level 10. HP: 82/83 MP: 13/13
  7152 | D:9      | Noticed an elephant
  7153 | D:9      | 7153 ||| ZAPPING wand of quicksilver (6) at 7,-3 (elephant;
                  | floor).
  7154 | D:9      | 7154 ||| ZAPPING wand of quicksilver (5) at 6,-2 (elephant;
                  | floor).
  7155 | D:9      | 7155 ||| ZAPPING wand of quicksilver (4) at 5,-2 (elephant;
                  | floor).
  7156 | D:9      | 7156 ||| ZAPPING wand of quicksilver (3) at 4,-2 (elephant;
                  | floor).
  7157 | D:9      | 7157 ||| ZAPPING wand of quicksilver (2) at 3,-1 (elephant;
                  | floor).
  7158 | D:9      | 7158 ||| ZAPPING wand of quicksilver (1) at 2,0 (elephant;
                  | floor).
  7158 | D:9      | Killed an elephant
  7179 | D:9      | Noticed an elephant
  7181 | D:9      | 7181 ||| RETREEEEATING.
  7185 | D:9      | 7185 ||| RETREEEEATING.
  7201 | D:9      | Killed an elephant
  7219 | D:9      | 7219 ||| SWAPPING to +0 orcbow.
  7220 | D:9      | 7220 ||| DROPPING +3 shortbow of draining.
  7237 | D:9      | Reached skill level 12 in Ranged Weapons
  7265 | D:9      | 7265 ||| SWAPPING to +3 orcbow.
  7266 | D:9      | 7266 ||| DROPPING +0 orcbow.
  7267 | D:9      | 7267 ||| READING scroll of enchant weapon.
  7267 | D:9      | 7267 ||| ENCHANTING +3 orcbow.
  7279 | D:9      | Found a staircase to the Lair.
  7634 | D:9      | Found a staircase to the Orcish Mines.
  7640 | D:9      | 7640 ||| RETREEEEATING.
  7641 | D:9      | 7641 ||| RETREEEEATING.
  7642 | D:9      | 7642 ||| RETREEEEATING.
  7643 | D:9      | 7643 ||| RETREEEEATING.
  7644 | D:9      | 7644 ||| RETREEEEATING.
  7645 | D:9      | 7645 ||| RETREEEEATING.
  7646 | D:9      | 7646 ||| RETREEEEATING.
  7647 | D:9      | 7647 ||| RETREEEEATING.
  7648 | D:9      | 7648 ||| RETREEEEATING.
  7649 | D:9      | 7649 ||| RETREEEEATING.
  7650 | D:9      | 7650 ||| RETREEEEATING.
  7651 | D:9      | 7651 ||| RETREEEEATING.
  7652 | D:9      | 7652 ||| RETREEEEATING.
  7653 | D:9      | 7653 ||| RETREEEEATING.
  7654 | D:9      | 7654 ||| RETREEEEATING.
  7655 | D:9      | 7655 ||| RETREEEEATING.
  7657 | D:9      | 7657 ||| RETREEEEATING.
  7875 | D:9      | 7875 ||| DROPPING amulet of magic regeneration.
  7876 | D:9      | 7876 ||| DROPPING ring of wizardry.
  7877 | D:9      | 7877 ||| READING scroll of identify.
  7877 | D:9      | 7877 ||| IDENTIFYING murky green potion
  7878 | D:9      | 7878 ||| READING scroll labelled PYCOVO QOUNY.
  7878 | D:9      | 7878 ||| ENCHANTING +0 swamp dragon scales.
  7879 | D:9      | 7879 ||| DROPPING +0 troll leather armour.
  7880 | D:9      | 7880 ||| READING scroll labelled KIRCHO RE IMMIT.
  7881 | D:9      | 7881 ||| READING scroll labelled COXITH VECKAA.
  7982 | D:9      | 7982 ||| READING scroll labelled OSOPSAWUTZ.
  7983 | D:9      | 7983 ||| DRINKING 2 metallic purple potions.
  7984 | D:9      | 7984 ||| DRINKING 3 sedimented silvery potions.
  7985 | D:9      | 7985 ||| DROPPING potion of attraction.
  7995 | D:10     | Entered Level 10 of the Dungeon
  8278 | D:10     | Noticed a meliai
  8281 | D:10     | Killed a meliai
  8330 | D:10     | Noticed a cyclops
  8331 | D:10     | 8331 ||| ZAPPING wand of paralysis (5) at 5,3 (cyclops;
                  | floor).
  8332 | D:10     | 8332 ||| ZAPPING wand of paralysis (4) at 5,3 (cyclops;
                  | floor).
  8333 | D:10     | 8333 ||| ZAPPING wand of paralysis (3) at 5,3 (cyclops;
                  | floor).
  8337 | D:10     | Killed a cyclops
  8394 | D:10     | Noticed an entropy weaver
  8395 | D:10     | 8395 ||| ZAPPING wand of paralysis (2) at -2,-5 (entropy
                  | weaver; floor).
  8397 | D:10     | 8397 ||| ZAPPING wand of paralysis (1) at -1,-1 (entropy
                  | weaver; floor).
  8406 | D:10     | an entropy weaver changed into a bombardier beetle
  8637 | D:10     | Found a flagged portal.
  8863 | D:10     | 8863 ||| FLEEEEING.
  8871 | D:10     | 8871 ||| FLEEEEING.
  8957 | D:10     | 8957 ||| UPGRADING to +2 pair of gloves of stealth.
  8967 | D:10     | 8967 ||| DROPPING +0 pair of gloves.
  8968 | D:10     | 8968 ||| DROPPING +6 ring of intelligence.
  9007 | D:11     | Noticed a green ugly thing
  9016 | D:11     | Killed a green ugly thing
  9125 | D:11     | Reached XP level 11. HP: 92/92 MP: 14/14
  9174 | D:11     | Identified the +2 short sword of the King {heavy, rElec
                  | rPois rN++ Str-5}
  9179 | D:11     | Reached skill level 13 in Ranged Weapons
  9305 | D:11     | Noticed a skeletal warrior
  9306 | D:11     | Noticed a skeletal warrior
  9307 | D:11     | 9307 ||| RETREEEEATING.
  9312 | D:11     | Noticed a skeletal warrior
  9314 | D:11     | Noticed a skeletal warrior
  9321 | D:11     | Killed a skeletal warrior
  9338 | D:11     | HP: 20/92 [skeletal warrior/+0 war axe (8)]
  9339 | D:11     | 9339 ||| READING 3 scrolls of teleportation.
  9340 | D:11     | 9340 ||| DRINKING potion of heal wounds.
  9605 | D:11     | 9605 ||| RETREEEEATING.
  9613 | D:11     | Killed a skeletal warrior
  9614 | D:11     | 9614 ||| FLEEEEING.
  9615 | D:11     | 9615 ||| FLEEEEING.
  9616 | D:11     | 9616 ||| FLEEEEING.
  9617 | D:11     | 9617 ||| FLEEEEING.
  9618 | D:11     | 9618 ||| FLEEEEING.
  9619 | D:11     | 9619 ||| FLEEEEING.
  9620 | D:11     | 9620 ||| FLEEEEING.
  9621 | D:11     | 9621 ||| FLEEEEING.
  9622 | D:11     | 9622 ||| FLEEEEING.
  9624 | D:11     | 9624 ||| FLEEEEING.
  9625 | D:11     | 9625 ||| FLEEEEING.
  9626 | D:11     | 9626 ||| FLEEEEING.
  9627 | D:11     | 9627 ||| FLEEEEING.
  9628 | D:11     | 9628 ||| FLEEEEING.
  9629 | D:11     | 9629 ||| FLEEEEING.
  9630 | D:11     | 9630 ||| FLEEEEING.
  9631 | D:11     | 9631 ||| FLEEEEING.
  9632 | D:11     | 9632 ||| FLEEEEING.
  9634 | D:11     | 9634 ||| FLEEEEING.
  9635 | D:11     | 9635 ||| FLEEEEING.
  9636 | D:11     | 9636 ||| FLEEEEING.
  9637 | D:11     | 9637 ||| FLEEEEING.
  9651 | D:11     | HP: 20/92 [skeletal warrior/+0 war axe (13)]
  9652 | D:11     | 9652 ||| READING 3 scrolls of teleportation.
  9653 | D:11     | Killed a skeletal warrior
  9656 | D:11     | 9656 ||| READING 2 scrolls of teleportation.
  9672 | D:11     | 9672 ||| FLEEEEING.
  9713 | D:11     | 9713 ||| FLEEEEING.
  9714 | D:11     | 9714 ||| FLEEEEING.
  9730 | D:11     | 9730 ||| FLEEEEING.
  9731 | D:11     | 9731 ||| FLEEEEING.
  9792 | D:11     | HP: 20/94 [skeletal warrior/+0 short sword (14)]
  9793 | D:11     | 9793 ||| READING scroll of teleportation.
  9795 | D:11     | Killed a skeletal warrior
 10231 | D:11     | Noticed a two-headed ogre
 10236 | D:11     | Killed a two-headed ogre
 10571 | D:11     | 10571 ||| PLANNING LAIR
 10571 | D:11     | 10571 ||| UPGRADING to scarf of resistance.
 10576 | D:11     | 10576 ||| DROPPING ring of magical power.
 10577 | D:11     | 10577 ||| READING scroll of identify.
 10577 | D:11     | 10577 ||| IDENTIFYING clear potion
 10627 | Lair:1   | Entered Level 1 of the Lair of Beasts
 10766 | Lair:1   | 10766 ||| RETREEEEATING.
 10767 | Lair:1   | 10767 ||| RETREEEEATING.
 10768 | Lair:1   | 10768 ||| RETREEEEATING.
 10769 | Lair:1   | 10769 ||| RETREEEEATING.
 10770 | Lair:1   | 10770 ||| RETREEEEATING.
 10771 | Lair:1   | 10771 ||| RETREEEEATING.
 10871 | Lair:1   | 10871 ||| RETREEEEATING.
 10952 | Lair:1   | 10952 ||| RETREEEEATING.
 10953 | Lair:1   | 10953 ||| RETREEEEATING.
 10954 | Lair:1   | 10954 ||| RETREEEEATING.
 10955 | Lair:1   | 10955 ||| RETREEEEATING.
 10956 | Lair:1   | 10956 ||| RETREEEEATING.
 10961 | Lair:1   | Reached skill level 14 in Ranged Weapons
 11376 | Lair:1   | 11376 ||| UPGRADING to ring of see invisible.
 11378 | Lair:1   | 11378 ||| DROPPING ring of fire.
 11379 | Lair:1   | 11379 ||| READING scroll of identify.
 11379 | Lair:1   | 11379 ||| IDENTIFYING metallic sapphire potion
 11380 | Lair:1   | 11380 ||| DROPPING potion of degeneration.
 11405 | Lair:2   | 11405 ||| RETREEEEATING.
 11409 | Lair:2   | 11409 ||| RETREEEEATING.
 11439 | Lair:2   | 11439 ||| FLEEEEING.
 11516 | Lair:2   | 11516 ||| DRINKING potion of haste.
 11522 | Lair:2   | Identified the +0 buckler of the Blessed Realm {rF+ rC+}
 11671 | Lair:2   | 11671 ||| RETREEEEATING.
 11673 | Lair:2   | 11673 ||| RETREEEEATING.
 11679 | Lair:2   | 11679 ||| RETREEEEATING.
 11680 | Lair:2   | 11680 ||| RETREEEEATING.
 11681 | Lair:2   | 11681 ||| RETREEEEATING.
 11682 | Lair:2   | 11682 ||| RETREEEEATING.
 11683 | Lair:2   | 11683 ||| STAIRDANCE
 11689 | Lair:1   | Reached XP level 12. HP: 103/103 MP: 15/15
 11691 | Lair:2   | 11691 ||| STAIRDANCE
 11797 | Lair:2   | Found a staircase to the Snake Pit.
 11812 | Lair:2   | 11812 ||| DRINKING potion of cancellation.
 11872 | Lair:2   | Noticed an eight-headed hydra
 11881 | Lair:2   | Killed an eight-headed hydra
 11882 | Lair:2   | Reached skill level 9 in Dodging
 11914 | Lair:2   | 11914 ||| RETREEEEATING.
 11915 | Lair:2   | 11915 ||| RETREEEEATING.
 12398 | Lair:2   | Found a staircase to the Shoals.
 13032 | Lair:2   | 13032 ||| DROPPING +2 pair of gloves.
 13052 | Lair:3   | Reached skill level 15 in Ranged Weapons
 13070 | Lair:3   | Noticed a catoblepas
 13076 | Lair:3   | 13076 ||| RETREEEEATING.
 13077 | Lair:3   | 13077 ||| RETREEEEATING.
 13078 | Lair:3   | 13078 ||| Stepping ~*~*~tactically~*~*~ (cloud).
 13083 | Lair:3   | 13083 ||| RETREEEEATING.
 13084 | Lair:3   | 13084 ||| RETREEEEATING.
 13085 | Lair:3   | 13085 ||| Stepping ~*~*~tactically~*~*~ (cloud).
 13086 | Lair:3   | 13086 ||| RETREEEEATING.
 13087 | Lair:3   | 13087 ||| RETREEEEATING.
 13088 | Lair:3   | 13088 ||| RETREEEEATING.
 13089 | Lair:3   | 13089 ||| Stepping ~*~*~tactically~*~*~ (cloud).
 13091 | Lair:3   | 13091 ||| RETREEEEATING.
 13092 | Lair:3   | 13092 ||| RETREEEEATING.
 13094 | Lair:3   | 13094 ||| Stepping ~*~*~tactically~*~*~ (cloud).
 13097 | Lair:3   | Killed a catoblepas
 13104 | Lair:3   | Reached skill level 9 in Fighting
 13108 | Lair:3   | 13108 ||| FLEEEEING.
 13114 | Lair:3   | 13114 ||| FLEEEEING.
 13115 | Lair:3   | 13115 ||| FLEEEEING.
 13192 | Lair:3   | 13192 ||| RETREEEEATING.
 13200 | Lair:3   | 13200 ||| RETREEEEATING.
 13214 | Lair:3   | 13214 ||| RETREEEEATING.
 13215 | Lair:3   | 13215 ||| RETREEEEATING.
 13217 | Lair:3   | 13217 ||| RETREEEEATING.
 13218 | Lair:3   | 13218 ||| RETREEEEATING.
 13222 | Lair:3   | 13222 ||| RETREEEEATING.
 13223 | Lair:3   | 13223 ||| RETREEEEATING.
 13224 | Lair:3   | 13224 ||| RETREEEEATING.
 13230 | Lair:3   | Reached skill level 6 in Armour
 13294 | Lair:3   | 13294 ||| RETREEEEATING.
 13296 | Lair:3   | 13296 ||| RETREEEEATING.
 13555 | Lair:3   | 13555 ||| RETREEEEATING.
 13557 | Lair:3   | 13557 ||| RETREEEEATING.
 13564 | Lair:3   | 13564 ||| RETREEEEATING.
 13565 | Lair:3   | 13565 ||| RETREEEEATING.
 13566 | Lair:3   | 13566 ||| RETREEEEATING.
 13938 | Lair:4   | 13938 ||| READING scroll of enchant armour.
 13938 | Lair:4   | 13938 ||| ENCHANTING +1 swamp dragon scales.
 13946 | Lair:4   | Noticed a five-headed hydra
 13953 | Lair:4   | Killed a five-headed hydra
 14255 | Lair:4   | 14255 ||| RETREEEEATING.
 14256 | Lair:4   | 14256 ||| STAIRDANCE
 14260 | Lair:3   | 14260 ||| DROPPING +0 cloak.
 14339 | Lair:4   | Found a staircase to the Slime Pits.
 14551 | Lair:4   | 14551 ||| RETREEEEATING.
 14552 | Lair:4   | 14552 ||| RETREEEEATING.
 14553 | Lair:4   | 14553 ||| RETREEEEATING.
 14555 | Lair:4   | Reached skill level 16 in Ranged Weapons
 14591 | Lair:4   | Noticed a catoblepas
 14600 | Lair:4   | 14600 ||| Stepping ~*~*~tactically~*~*~ (cloud).
 14601 | Lair:4   | 14601 ||| Stepping ~*~*~tactically~*~*~ (cloud).
 14606 | Lair:4   | Killed a catoblepas
 14607 | Lair:4   | Reached XP level 13. HP: 103/111 MP: 16/16
 14821 | Lair:5   | Entered Level 5 of the Lair of Beasts
 14825 | Lair:5   | 14825 ||| STAIRDANCE
 14850 | Lair:5   | 14850 ||| STAIRDANCE
 14890 | Lair:5   | 14890 ||| READING scroll of enchant armour.
 14890 | Lair:5   | 14890 ||| ENCHANTING +2 swamp dragon scales.
 15077 | Lair:5   | 15077 ||| RETREEEEATING.
 15089 | Lair:5   | 15089 ||| RETREEEEATING.
 15091 | Lair:5   | 15091 ||| RETREEEEATING.
 15092 | Lair:5   | 15092 ||| RETREEEEATING.
 15093 | Lair:5   | 15093 ||| RETREEEEATING.
 15095 | Lair:5   | 15095 ||| READING 2 scrolls of teleportation.
 15098 | Lair:5   | 15098 ||| ZAPPING wand of quicksilver (4) at -2,1
                  | (skyshark; floor).
 15099 | Lair:5   | 15099 ||| ZAPPING wand of quicksilver (3) at -2,1
                  | (skyshark; floor).
 15100 | Lair:5   | 15100 ||| ZAPPING wand of quicksilver (2) at -2,1
                  | (skyshark; floor).
 15104 | Lair:5   | 15104 ||| FLEEEEING.
 15105 | Lair:5   | 15105 ||| FLEEEEING.
 15106 | Lair:5   | 15106 ||| FLEEEEING.
 15116 | Lair:5   | 15116 ||| FLEEEEING.
 15117 | Lair:5   | 15117 ||| FLEEEEING.
 15132 | Lair:5   | 15132 ||| FLEEEEING.
 15133 | Lair:5   | 15133 ||| FLEEEEING.
 15295 | Lair:5   | 15295 ||| Stepping ~*~*~tactically~*~*~ (cloud).
 15342 | Lair:5   | 15342 ||| Stepping ~*~*~tactically~*~*~ (cloud).
 15360 | Lair:5   | 15360 ||| Stepping ~*~*~tactically~*~*~ (cloud).
 15364 | Lair:5   | 15364 ||| Stepping ~*~*~tactically~*~*~ (cloud).
 15365 | Lair:5   | 15365 ||| Stepping ~*~*~tactically~*~*~ (cloud).
 15368 | Lair:5   | 15368 ||| Stepping ~*~*~tactically~*~*~ (cloud).
 15722 | Lair:5   | 15722 ||| RETREEEEATING.
 15724 | Lair:5   | 15724 ||| RETREEEEATING.
 15725 | Lair:5   | 15725 ||| RETREEEEATING.
 15726 | Lair:5   | 15726 ||| RETREEEEATING.
 15727 | Lair:5   | 15727 ||| RETREEEEATING.
 15728 | Lair:5   | 15728 ||| RETREEEEATING.
 15731 | Lair:5   | 15731 ||| RETREEEEATING.
 15732 | Lair:5   | 15732 ||| RETREEEEATING.
 15734 | Lair:5   | 15734 ||| RETREEEEATING.
 15736 | Lair:5   | 15736 ||| RETREEEEATING.
 15892 | Lair:5   | 15892 ||| RETREEEEATING.
 15895 | Lair:5   | 15895 ||| RETREEEEATING.
 15896 | Lair:5   | 15896 ||| RETREEEEATING.
 15908 | Lair:5   | 15908 ||| RETREEEEATING.
 16168 | Lair:5   | 16168 ||| Stepping ~*~*~tactically~*~*~ (cloud).
 16175 | Lair:5   | 16175 ||| Stepping ~*~*~tactically~*~*~ (cloud).
 16477 | Lair:5   | 16477 ||| PLANNING D
 17091 | D:12     | 17091 ||| FLEEEEING.
 17096 | D:12     | 17096 ||| RETREEEEATING.
 17097 | D:12     | 17097 ||| RETREEEEATING.
 17101 | D:12     | 17101 ||| FLEEEEING.
 17102 | D:12     | 17102 ||| RETREEEEATING.
 17265 | D:12     | 17265 ||| READING scroll of enchant weapon.
 17265 | D:12     | 17265 ||| ENCHANTING +4 orcbow.
 17350 | D:12     | 17350 ||| READING 2 scrolls of identify.
 17350 | D:12     | 17350 ||| IDENTIFYING blue potion
 17351 | D:12     | 17351 ||| DROPPING potion of magic.
 17781 | D:13     | Reached XP level 14. HP: 115/124 MP: 17/17
 18263 | D:14     | Reached skill level 12 in Dodging
 18263 | D:14     | 18263 ||| RETREEEEATING.
 18271 | D:14     | 18271 ||| RETREEEEATING.
 18272 | D:14     | 18272 ||| RETREEEEATING.
 18273 | D:14     | 18273 ||| RETREEEEATING.
 18274 | D:14     | 18274 ||| RETREEEEATING.
 18275 | D:14     | 18275 ||| RETREEEEATING.
 18276 | D:14     | 18276 ||| RETREEEEATING.
 18294 | D:14     | HP: 20/124 [death knight/+3 glaive (17)]
 18295 | D:14     | 18295 ||| READING 5 scrolls of teleportation.
 18296 | D:14     | 18296 ||| DRINKING 2 potions of heal wounds.
 18297 | D:14     | 18297 ||| DRINKING potion of heal wounds.
 18298 | D:14     | 18298 ||| RETREEEEATING.
 18305 | D:14     | 18305 ||| FLEEEEING.
 18306 | D:14     | 18306 ||| FLEEEEING.
 18307 | D:14     | 18307 ||| FLEEEEING.
 18646 | D:14     | 18646 ||| Stepping ~*~*~tactically~*~*~ (cloud).
 18647 | D:14     | 18647 ||| Stepping ~*~*~tactically~*~*~ (cloud).
 18651 | D:14     | 18651 ||| Stepping ~*~*~tactically~*~*~ (cloud).
 18653 | D:14     | 18653 ||| Stepping ~*~*~tactically~*~*~ (cloud).
 18659 | D:14     | 18659 ||| Stepping ~*~*~tactically~*~*~ (cloud).
 18704 | D:14     | Reached skill level 12 in Fighting
 19072 | D:14     | Reached skill level 9 in Armour
 19136 | D:14     | 19136 ||| RETREEEEATING.
 19137 | D:14     | 19137 ||| RETREEEEATING.
 19138 | D:14     | 19138 ||| RETREEEEATING.
 19139 | D:14     | 19139 ||| RETREEEEATING.
 19140 | D:14     | 19140 ||| RETREEEEATING.
 19141 | D:14     | 19141 ||| RETREEEEATING.
 19142 | D:14     | 19142 ||| RETREEEEATING.
 19143 | D:14     | 19143 ||| RETREEEEATING.
 19144 | D:14     | 19144 ||| RETREEEEATING.
 19146 | D:14     | 19146 ||| ZAPPING wand of quicksilver (1) at -1,-2 (sun
                  | demon; floor).
 19398 | D:14     | Found a gate to the Vaults.
 19696 | D:14     | 19696 ||| DROPPING ring of willpower.
 19724 | D:15     | Entered Level 15 of the Dungeon
 19725 | D:15     | 19725 ||| PLANNING GAUNTLET
 19976 | D:15     | 19976 ||| RETREEEEATING.
 20007 | D:15     | 20007 ||| FLEEEEING.
 20008 | D:15     | 20008 ||| FLEEEEING.
 20009 | D:15     | 20009 ||| FLEEEEING.
 20010 | D:15     | 20010 ||| FLEEEEING.
 20011 | D:15     | 20011 ||| FLEEEEING.
 20012 | D:15     | 20012 ||| FLEEEEING.
 20013 | D:15     | 20013 ||| FLEEEEING.
 20014 | D:15     | 20014 ||| FLEEEEING.
 20015 | D:15     | 20015 ||| FLEEEEING.
 20016 | D:15     | 20016 ||| FLEEEEING.
 20017 | D:15     | 20017 ||| FLEEEEING.
 20018 | D:15     | 20018 ||| FLEEEEING.
 20020 | D:15     | 20020 ||| FLEEEEING.
 20021 | D:15     | 20021 ||| FLEEEEING.
 20022 | D:15     | 20022 ||| FLEEEEING.
 20023 | D:15     | 20023 ||| FLEEEEING.
 20024 | D:15     | 20024 ||| FLEEEEING.
 20025 | D:15     | 20025 ||| FLEEEEING.
 20026 | D:15     | 20026 ||| FLEEEEING.
 20027 | D:15     | 20027 ||| FLEEEEING.
 20028 | D:15     | 20028 ||| FLEEEEING.
 20030 | D:15     | 20030 ||| FLEEEEING.
 20142 | D:15     | Noticed Azrael
 20156 | D:15     | Killed Azrael
 20215 | D:15     | 20215 ||| RETREEEEATING.
 20231 | D:15     | 20231 ||| RETREEEEATING.
 20232 | D:15     | 20232 ||| RETREEEEATING.
 20233 | D:15     | 20233 ||| RETREEEEATING.
 20234 | D:15     | 20234 ||| RETREEEEATING.
 20235 | D:15     | 20235 ||| RETREEEEATING.
 20236 | D:15     | 20236 ||| RETREEEEATING.
 20254 | D:15     | 20254 ||| RIP GAUNTLET
 20255 | D:15     | 20255 ||| PLANNING D
 20509 | D:15     | 20509 ||| RETREEEEATING.
 20511 | D:15     | 20511 ||| RETREEEEATING.
 20512 | D:15     | 20512 ||| RETREEEEATING.
 20513 | D:15     | 20513 ||| RETREEEEATING.
 20520 | D:15     | 20520 ||| RETREEEEATING.
 20555 | D:15     | 20555 ||| FLEEEEING.
 20657 | D:15     | 20657 ||| RETREEEEATING.
 20660 | D:15     | 20660 ||| RETREEEEATING.
 20661 | D:15     | 20661 ||| RETREEEEATING.
 20662 | D:15     | 20662 ||| RETREEEEATING.
 20663 | D:15     | 20663 ||| RETREEEEATING.
 20664 | D:15     | 20664 ||| RETREEEEATING.
 20815 | D:15     | 20815 ||| FLEEEEING.
 20876 | D:15     | 20876 ||| FLEEEEING.
 20877 | D:15     | 20877 ||| FLEEEEING.
 20878 | D:15     | 20878 ||| FLEEEEING.
 20879 | D:15     | 20879 ||| FLEEEEING.
 20880 | D:15     | 20880 ||| FLEEEEING.
 20881 | D:15     | 20881 ||| FLEEEEING.
 20882 | D:15     | 20882 ||| FLEEEEING.
 20883 | D:15     | 20883 ||| FLEEEEING.
 20884 | D:15     | 20884 ||| FLEEEEING.
 20885 | D:15     | 20885 ||| FLEEEEING.
 20886 | D:15     | 20886 ||| FLEEEEING.
 20887 | D:15     | 20887 ||| FLEEEEING.
 20888 | D:15     | 20888 ||| FLEEEEING.
 20889 | D:15     | 20889 ||| FLEEEEING.
 20890 | D:15     | 20890 ||| FLEEEEING.
 20891 | D:15     | 20891 ||| FLEEEEING.
 20892 | D:15     | 20892 ||| FLEEEEING.
 20893 | D:15     | 20893 ||| FLEEEEING.
 20894 | D:15     | 20894 ||| FLEEEEING.
 20895 | D:15     | 20895 ||| FLEEEEING.
 20896 | D:15     | 20896 ||| FLEEEEING.
 20897 | D:15     | 20897 ||| FLEEEEING.
 20898 | D:15     | 20898 ||| FLEEEEING.
 20899 | D:15     | 20899 ||| FLEEEEING.
 20900 | D:15     | 20900 ||| FLEEEEING.
 20901 | D:15     | 20901 ||| FLEEEEING.
 20902 | D:15     | 20902 ||| FLEEEEING.
 20903 | D:15     | 20903 ||| FLEEEEING.
 20904 | D:15     | 20904 ||| FLEEEEING.
 20905 | D:15     | 20905 ||| FLEEEEING.
 20906 | D:15     | 20906 ||| FLEEEEING.
 20907 | D:15     | 20907 ||| FLEEEEING.
 20908 | D:15     | 20908 ||| FLEEEEING.
 20909 | D:15     | 20909 ||| FLEEEEING.
 20910 | D:15     | 20910 ||| FLEEEEING.
 20911 | D:15     | 20911 ||| FLEEEEING.
 20912 | D:15     | 20912 ||| FLEEEEING.
 20913 | D:15     | 20913 ||| FLEEEEING.
 20914 | D:15     | 20914 ||| FLEEEEING.
 20915 | D:15     | 20915 ||| FLEEEEING.
 20916 | D:15     | 20916 ||| STAIRDANCE
 20918 | D:14     | 20918 ||| FLEEEEING.
 20919 | D:14     | 20919 ||| FLEEEEING.
 20920 | D:14     | 20920 ||| FLEEEEING.
 20921 | D:14     | 20921 ||| FLEEEEING.
 20922 | D:14     | 20922 ||| FLEEEEING.
 20923 | D:14     | 20923 ||| FLEEEEING.
 20924 | D:14     | 20924 ||| FLEEEEING.
 20925 | D:14     | 20925 ||| FLEEEEING.
 20926 | D:14     | 20926 ||| FLEEEEING.
 20927 | D:14     | 20927 ||| FLEEEEING.
 20928 | D:14     | 20928 ||| FLEEEEING.
 20929 | D:14     | 20929 ||| FLEEEEING.
 20930 | D:14     | 20930 ||| FLEEEEING.
 20931 | D:14     | 20931 ||| STAIRDANCE
 20933 | D:13     | 20933 ||| FLEEEEING.
 20934 | D:13     | 20934 ||| FLEEEEING.
 20935 | D:13     | 20935 ||| FLEEEEING.
 20936 | D:13     | 20936 ||| FLEEEEING.
 20937 | D:13     | 20937 ||| FLEEEEING.
 20938 | D:13     | 20938 ||| FLEEEEING.
 20939 | D:13     | 20939 ||| FLEEEEING.
 20940 | D:13     | 20940 ||| FLEEEEING.
 20941 | D:13     | 20941 ||| FLEEEEING.
 20942 | D:13     | 20942 ||| STAIRDANCE
 20944 | D:12     | 20944 ||| FLEEEEING.
 20945 | D:12     | 20945 ||| FLEEEEING.
 20946 | D:12     | 20946 ||| FLEEEEING.
 20947 | D:12     | 20947 ||| FLEEEEING.
 20948 | D:12     | 20948 ||| FLEEEEING.
 20949 | D:12     | 20949 ||| FLEEEEING.
 20950 | D:12     | 20950 ||| FLEEEEING.
 20951 | D:12     | 20951 ||| FLEEEEING.
 20952 | D:12     | 20952 ||| FLEEEEING.
 20953 | D:12     | 20953 ||| FLEEEEING.
 20954 | D:12     | 20954 ||| FLEEEEING.
 20955 | D:12     | 20955 ||| FLEEEEING.
 20956 | D:12     | 20956 ||| FLEEEEING.
 20957 | D:12     | 20957 ||| FLEEEEING.
 20958 | D:12     | 20958 ||| FLEEEEING.
 20959 | D:12     | 20959 ||| FLEEEEING.
 20960 | D:12     | 20960 ||| FLEEEEING.
 20961 | D:12     | 20961 ||| FLEEEEING.
 20962 | D:12     | 20962 ||| FLEEEEING.
 20963 | D:12     | 20963 ||| FLEEEEING.
 20964 | D:12     | 20964 ||| FLEEEEING.
 20965 | D:12     | 20965 ||| FLEEEEING.
 20966 | D:12     | 20966 ||| FLEEEEING.
 20967 | D:12     | 20967 ||| FLEEEEING.
 20968 | D:12     | 20968 ||| FLEEEEING.
 20969 | D:12     | 20969 ||| FLEEEEING.
 20970 | D:12     | 20970 ||| FLEEEEING.
 20971 | D:12     | 20971 ||| FLEEEEING.
 20972 | D:12     | 20972 ||| FLEEEEING.
 20973 | D:12     | 20973 ||| FLEEEEING.
 20974 | D:12     | 20974 ||| STAIRDANCE
 21017 | D:11     | 21017 ||| UPGRADING to +1 pair of boots.
 21027 | D:11     | 21027 ||| DROPPING +0 ring mail of fire resistance.
 21028 | D:11     | 21028 ||| DROPPING +0 pair of boots.
 21100 | D:15     | 21100 ||| FLEEEEING.
 21102 | D:15     | 21102 ||| FLEEEEING.
 21103 | D:15     | 21103 ||| FLEEEEING.
 21104 | D:15     | 21104 ||| FLEEEEING.
 21332 | D:15     | Found a staircase to the Depths.
 21581 | D:15     | 21581 ||| PLANNING ORC
 21741 | Orc:1    | Entered Level 1 of the Orcish Mines
 21810 | Orc:2    | Entered Level 2 of the Orcish Mines
 21820 | Orc:2    | 21820 ||| STAIRDANCE
 21849 | Orc:2    | 21849 ||| STAIRDANCE
 21855 | Orc:2    | 21855 ||| STAIRDANCE
 21919 | Orc:2    | 21919 ||| STAIRDANCE
 21921 | Orc:1    | 21921 ||| DRINKING 15 potions of curing.
 21921 | Orc:1    | 21921 ||| (to cure confusion)
 21925 | Orc:2    | 21925 ||| STAIRDANCE
 22051 | Orc:1    | 22051 ||| DRINKING 14 potions of curing.
 22051 | Orc:1    | 22051 ||| (to cure confusion)
 22536 | Orc:1    | 22536 ||| Stepping randomly (stuck).
 22537 | Orc:1    | 22537 ||| Stepping randomly (stuck).
 22538 | Orc:1    | 22538 ||| Stepping randomly (stuck).
 22539 | Orc:1    | 22539 ||| Stepping randomly (stuck).
 22540 | Orc:1    | 22540 ||| Stepping randomly (stuck).
 22541 | Orc:1    | 22541 ||| Stepping randomly (stuck).
 22542 | Orc:1    | 22542 ||| Stepping randomly (stuck).
 22543 | Orc:1    | 22543 ||| Stepping randomly (stuck).
 22544 | Orc:1    | 22544 ||| Stepping randomly (stuck).
 22545 | Orc:1    | 22545 ||| Stepping randomly (stuck).
 22546 | Orc:1    | 22546 ||| Stepping randomly (stuck).
 22547 | Orc:1    | 22547 ||| Stepping randomly (stuck).
 22548 | Orc:1    | 22548 ||| Stepping randomly (stuck).
 22549 | Orc:1    | 22549 ||| Stepping randomly (stuck).
 22550 | Orc:1    | 22550 ||| Stepping randomly (stuck).
 22551 | Orc:1    | 22551 ||| Stepping randomly (stuck).
 22552 | Orc:1    | 22552 ||| Stepping randomly (stuck).
 22553 | Orc:1    | 22553 ||| Stepping randomly (stuck).
 22554 | Orc:1    | 22554 ||| Stepping randomly (stuck).
 22555 | Orc:1    | 22555 ||| Stepping randomly (stuck).
 22556 | Orc:1    | 22556 ||| Stepping randomly (stuck).
 22557 | Orc:1    | 22557 ||| Stepping randomly (stuck).
 22558 | Orc:1    | 22558 ||| Stepping randomly (stuck).
 22559 | Orc:1    | 22559 ||| Stepping randomly (stuck).
 22560 | Orc:1    | 22560 ||| Stepping randomly (stuck).
 22561 | Orc:1    | 22561 ||| Stepping randomly (stuck).
 22562 | Orc:1    | 22562 ||| Stepping randomly (stuck).
 22563 | Orc:1    | 22563 ||| Stepping randomly (stuck).
 22564 | Orc:1    | 22564 ||| Stepping randomly (stuck).
 22565 | Orc:1    | 22565 ||| Stepping randomly (stuck).
 22566 | Orc:1    | 22566 ||| Stepping randomly (stuck).
 22567 | Orc:1    | 22567 ||| Stepping randomly (stuck).
 22568 | Orc:1    | 22568 ||| Stepping randomly (stuck).
 22569 | Orc:1    | 22569 ||| Stepping randomly (stuck).
 22570 | Orc:1    | 22570 ||| Stepping randomly (stuck).
 22571 | Orc:1    | 22571 ||| Stepping randomly (stuck).
 22572 | Orc:1    | 22572 ||| Stepping randomly (stuck).
 22573 | Orc:1    | 22573 ||| Stepping randomly (stuck).
 22574 | Orc:1    | 22574 ||| Stepping randomly (stuck).
 22575 | Orc:1    | 22575 ||| Stepping randomly (stuck).
 22576 | Orc:1    | 22576 ||| Stepping randomly (stuck).
 22577 | Orc:1    | 22577 ||| Stepping randomly (stuck).
 22578 | Orc:1    | 22578 ||| Stepping randomly (stuck).
 22579 | Orc:1    | 22579 ||| Stepping randomly (stuck).
 22580 | Orc:1    | 22580 ||| Stepping randomly (stuck).
 22581 | Orc:1    | 22581 ||| Stepping randomly (stuck).
 22582 | Orc:1    | 22582 ||| Stepping randomly (stuck).
 22583 | Orc:1    | 22583 ||| Stepping randomly (stuck).
 22584 | Orc:1    | 22584 ||| Stepping randomly (stuck).
 22585 | Orc:1    | 22585 ||| Stepping randomly (stuck).
 22586 | Orc:1    | 22586 ||| Stepping randomly (stuck).
 22587 | Orc:1    | 22587 ||| READING 4 scrolls of teleportation.
 22592 | Orc:1    | 22592 ||| READING 3 scrolls of teleportation.
 22814 | Orc:2    | 22814 ||| RETREEEEATING.
 23053 | Orc:2    | Found Luhoilaq's Armour Shop.
 23105 | Orc:2    | Reached XP level 15. HP: 135/135 MP: 18/18
 23112 | Orc:2    | Found Bosayv's Antique Weapon Shoppe.
 23224 | Orc:2    | 23224 ||| RETREEEEATING.
 23227 | Orc:2    | 23227 ||| RETREEEEATING.
 23235 | Orc:2    | 23235 ||| RETREEEEATING.
 23236 | Orc:2    | 23236 ||| RETREEEEATING.
 23237 | Orc:2    | 23237 ||| RETREEEEATING.
 23238 | Orc:2    | 23238 ||| RETREEEEATING.
 23328 | Orc:2    | Found a staircase to the Elven Halls.
 23354 | Orc:2    | HP: 25/135 [orc warlord/+5 bardiche of venom (28)]
 23355 | Orc:2    | 23355 ||| READING 2 scrolls of teleportation.
 23677 | Orc:2    | Found Canimot's Antique Armour Shoppe.
 23679 | Orc:2    | Found Gittoz's Antique Weapon Emporium.
 23686 | Orc:2    | 23686 ||| BUYING +3 pair of seven-league boots {Rampage+∞}
                  | (1400 gold).
 23686 | Orc:2    | Bought the +3 pair of seven-league boots {Rampage+∞} for
                  | 1400 gold pieces
 23686 | Orc:2    | Found the +3 pair of seven-league boots {Rampage+∞}
 23686 | Orc:2    | 23686 ||| BUYING glowing cloak (262 gold).
 23686 | Orc:2    | Bought a glowing cloak for 262 gold pieces
 23686 | Orc:2    | 23686 ||| BUYING transparent robe (199 gold).
 23686 | Orc:2    | Bought a transparent robe for 199 gold pieces
 23686 | Orc:2    | Identified the +0 robe of Moanidd {rC- Will+ Archmagi} (You
                  | bought it in a shop on level 2 of the Orcish Mines)
 23725 | Orc:2    | 23725 ||| PLANNING SNAKE:1-3
 23725 | Orc:2    | 23725 ||| UPGRADING to +3 pair of seven-league boots
                  | {Rampage+∞}.
 23735 | Orc:2    | 23735 ||| DROPPING +1 pair of boots.
 23736 | Orc:2    | 23736 ||| DROPPING +1 cloak of preservation.
 23737 | Orc:2    | 23737 ||| DROPPING +0 robe of Moanidd {rC- Will+ Archmagi}.
 23850 | Snake:1  | Entered Level 1 of the Snake Pit
 23886 | Snake:1  | 23886 ||| FLEEEEING.
 23887 | Snake:1  | 23887 ||| FLEEEEING.
 23888 | Snake:1  | 23888 ||| FLEEEEING.
 23889 | Snake:1  | 23889 ||| FLEEEEING.
 23890 | Snake:1  | 23890 ||| STAIRDANCE
 24520 | Snake:1  | 24520 ||| ZAPPING wand of paralysis (4) at -2,-1 (shock
                  | serpent; floor).
 24571 | Snake:1  | 24571 ||| FLEEEEING.
 24572 | Snake:1  | 24572 ||| FLEEEEING.
 24574 | Snake:1  | 24574 ||| FLEEEEING.
 24577 | Snake:1  | 24577 ||| FLEEEEING.
 24578 | Snake:1  | 24578 ||| FLEEEEING.
 24755 | Snake:1  | Reached skill level 15 in Dodging
 24806 | Snake:1  | 24806 ||| READING scroll of enchant weapon.
 24806 | Snake:1  | 24806 ||| ENCHANTING +5 orcbow.
 24822 | Snake:1  | Identified the +1 robe of Heleskukk {rC++ Str-4 Dex+6}
 24992 | Snake:2  | 24992 ||| STAIRDANCE
 25699 | Snake:2  | Noticed a nagaraja
 25709 | Snake:2  | Killed a nagaraja
 26211 | Snake:3  | Noticed a nagaraja
 26213 | Snake:3  | 26213 ||| STAIRDANCE
 26234 | Snake:3  | HP: 33/136 [poisoned by a black mamba]
 26236 | Snake:3  | Killed a nagaraja
 26239 | Snake:3  | HP: 25/136 [poisoned by a black mamba]
 26246 | Snake:3  | 26246 ||| STAIRDANCE
 26552 | Snake:3  | Noticed Ciageutz's ghost (journeyman GnHW)
 26563 | Snake:3  | Found a transporter.
 26785 | Snake:3  | 26785 ||| READING scroll of enchant weapon.
 26785 | Snake:3  | 26785 ||| ENCHANTING +6 orcbow.
 26808 | Snake:3  | Found a transporter.
 26974 | Snake:3  | 26974 ||| READING scroll of enchant weapon.
 26974 | Snake:3  | 26974 ||| ENCHANTING +7 orcbow.
 27116 | Snake:3  | 27116 ||| FLEEEEING.
 27117 | Snake:3  | 27117 ||| FLEEEEING.
 27119 | Snake:3  | 27119 ||| FLEEEEING.
 27120 | Snake:3  | 27120 ||| FLEEEEING.
 27795 | Snake:3  | 27795 ||| PLANNING SHOALS:1-3
 27909 | Shoals:1 | Entered Level 1 of the Shoals
 27912 | Shoals:1 | 27912 ||| STAIRDANCE
 27921 | Shoals:1 | 27921 ||| STAIRDANCE
 28029 | Shoals:1 | 28029 ||| STAIRDANCE
 28137 | Shoals:1 | 28137 ||| STAIRDANCE
 28189 | Shoals:1 | 28189 ||| STAIRDANCE
 28249 | Shoals:1 | 28249 ||| STAIRDANCE
 28338 | Shoals:1 | 28338 ||| STAIRDANCE
 28459 | Shoals:1 | 28459 ||| STAIRDANCE
 28545 | Shoals:1 | Reached XP level 16. HP: 94/146 MP: 19/19
 28617 | Shoals:1 | 28617 ||| FLEEEEING.
 28618 | Shoals:1 | 28618 ||| FLEEEEING.
 28620 | Shoals:1 | HP: 32/146 [merfolk javelineer/silver javelin (19)]
 28621 | Shoals:1 | 28621 ||| READING scroll of teleportation.
 28680 | Shoals:1 | 28680 ||| FLEEEEING.
 28707 | Shoals:1 | 28707 ||| FLEEEEING.
 28708 | Shoals:1 | 28708 ||| FLEEEEING.
 28709 | Shoals:1 | 28709 ||| FLEEEEING.
 28710 | Shoals:1 | 28710 ||| FLEEEEING.
 28725 | Shoals:1 | 28725 ||| FLEEEEING.
 28726 | Shoals:1 | 28726 ||| FLEEEEING.
 28768 | Shoals:1 | 28768 ||| FLEEEEING.
 28769 | Shoals:1 | 28769 ||| FLEEEEING.
 28770 | Shoals:1 | 28770 ||| FLEEEEING.
 28772 | Shoals:1 | 28772 ||| FLEEEEING.
 28773 | Shoals:1 | 28773 ||| FLEEEEING.
 28774 | Shoals:1 | 28774 ||| FLEEEEING.
 28775 | Shoals:1 | 28775 ||| STAIRDANCE
 28977 | Shoals:1 | Noticed Mlioglotl
 28978 | Shoals:1 | 28978 ||| DRINKING 2 potions of haste.
 28993 | Shoals:1 | Killed Mlioglotl
 29111 | Shoals:1 | 29111 ||| READING scroll of enchant weapon.
 29111 | Shoals:1 | 29111 ||| ENCHANTING +8 orcbow.
 29181 | Shoals:1 | 29181 ||| FLEEEEING.
 29182 | Shoals:1 | 29182 ||| FLEEEEING.
 29183 | Shoals:1 | 29183 ||| FLEEEEING.
 29184 | Shoals:1 | 29184 ||| FLEEEEING.
 29185 | Shoals:1 | 29185 ||| FLEEEEING.
 29186 | Shoals:1 | 29186 ||| FLEEEEING.
 29187 | Shoals:1 | 29187 ||| FLEEEEING.
 29188 | Shoals:1 | 29188 ||| FLEEEEING.
 29189 | Shoals:1 | 29189 ||| FLEEEEING.
 29340 | Shoals:1 | Reached skill level 15 in Fighting
 29711 | Shoals:2 | 29711 ||| STAIRDANCE
 29862 | Shoals:2 | Noticed Ilsuiw
 29867 | Shoals:2 | 29867 ||| RETREEEEATING.
 29868 | Shoals:2 | 29868 ||| DRINKING potion of haste.
 29881 | Shoals:2 | Killed Ilsuiw
 30236 | Shoals:2 | 30236 ||| READING scroll of enchant armour.
 30236 | Shoals:2 | 30236 ||| ENCHANTING +3 swamp dragon scales.
 30583 | Shoals:2 | 30583 ||| DROPPING +2 robe of fire resistance.
 30584 | Shoals:2 | 30584 ||| DROPPING amulet of guardian spirit.
 30613 | Shoals:3 | 30613 ||| STAIRDANCE
 30687 | Shoals:3 | 30687 ||| STAIRDANCE
 30698 | Shoals:3 | 30698 ||| STAIRDANCE
 30716 | Shoals:3 | 30716 ||| STAIRDANCE
 30846 | Shoals:3 | 30846 ||| STAIRDANCE
 30964 | Shoals:3 | 30964 ||| FLEEEEING.
 30965 | Shoals:3 | 30965 ||| STAIRDANCE
 31225 | Shoals:3 | 31225 ||| SWAPPING to +0 longbow.
 31226 | Shoals:3 | 31226 ||| DROPPING +9 orcbow.
 31689 | Shoals:3 | 31689 ||| PLANNING SNAKE:4
 31849 | Snake:4  | Entered Level 4 of the Snake Pit
 31850 | Snake:4  | 31850 ||| STAIRDANCE
 31854 | Snake:4  | 31854 ||| STAIRDANCE
 31858 | Snake:4  | 31858 ||| STAIRDANCE
 31860 | Snake:3  | 31860 ||| RETREEEEATING.
 31984 | Snake:4  | 31984 ||| STAIRDANCE
 32039 | Snake:4  | 32039 ||| STAIRDANCE
 32169 | Snake:4  | Found Juvauv's General Store.
 32172 | Snake:4  | Found Halodwe's Distillery.
 32191 | Snake:4  | 32191 ||| FLEEEEING.
 32212 | Snake:4  | 32212 ||| ZAPPING wand of paralysis (3) at -3,-6 (shock
                  | serpent; floor).
 32213 | Snake:4  | 32213 ||| ZAPPING wand of paralysis (2) at -3,-5 (shock
                  | serpent; floor).
 32214 | Snake:4  | 32214 ||| ZAPPING wand of paralysis (1) at -3,-4 (shock
                  | serpent; floor).
 32507 | Snake:4  | Reached skill level 17 in Ranged Weapons
 32509 | Snake:4  | 32509 ||| RETREEEEATING.
 32809 | Snake:4  | 32809 ||| RETREEEEATING.
 32810 | Snake:4  | 32810 ||| RETREEEEATING.
 33014 | Snake:4  | Found Doyzax's Armour Shoppe.
 33030 | Snake:4  | Found Hymenwig's Antique Armour Boutique.
 33183 | Snake:4  | 33183 ||| RETREEEEATING.
 33184 | Snake:4  | 33184 ||| RETREEEEATING.
 33187 | Snake:4  | 33187 ||| RETREEEEATING.
 33188 | Snake:4  | 33188 ||| RETREEEEATING.
 33189 | Snake:4  | 33189 ||| RETREEEEATING.
 33190 | Snake:4  | 33190 ||| RETREEEEATING.
 33191 | Snake:4  | 33191 ||| RETREEEEATING.
 33192 | Snake:4  | 33192 ||| RETREEEEATING.
 33193 | Snake:4  | 33193 ||| RETREEEEATING.
 33194 | Snake:4  | 33194 ||| RETREEEEATING.
 33195 | Snake:4  | 33195 ||| RETREEEEATING.
 33196 | Snake:4  | 33196 ||| RETREEEEATING.
 33197 | Snake:4  | 33197 ||| RETREEEEATING.
 33230 | Snake:4  | 33230 ||| FLEEEEING.
 33340 | Snake:4  | 33340 ||| FLEEEEING.
 33372 | Snake:4  | 33372 ||| FLEEEEING.
 33524 | Snake:4  | Reached XP level 17. HP: 155/156 MP: 20/20
 33650 | Snake:4  | Reached skill level 18 in Ranged Weapons
 33678 | Snake:4  | 33678 ||| RETREEEEATING.
 33679 | Snake:4  | 33679 ||| RETREEEEATING.
 33680 | Snake:4  | 33680 ||| RETREEEEATING.
 33681 | Snake:4  | 33681 ||| RETREEEEATING.
 33682 | Snake:4  | 33682 ||| RETREEEEATING.
 33683 | Snake:4  | 33683 ||| RETREEEEATING.
 33684 | Snake:4  | 33684 ||| RETREEEEATING.
 33686 | Snake:4  | HP: 39/156 [poisoned by a nagaraja (splash of poison)]
 33688 | Snake:4  | HP: 14/156 [sea snake (7)]
 33689 | Snake:4  | HP: 1/156 [poisoned by a sea snake]
 33690 | Snake:4  | Succumbed to a sea snake's poison

Levels and vault maps discovered:
D:1:      ldierk_walled_garden, layout_loops_ring, minivault_11
D:2:      layout_loops_corners
D:3:      layout_loops_ring, grunt_temple_overflow_forces_of_nature,
          nicolae_ru_path_of_blood, uniq_pargi
D:4:      layout_basic, minmay_temple_entry_sparse_star, uniq_robin,
          uniq_blork_the_orc, uniq_duvessa
D:5:      layout_basic, kennysheep_nondescript, nicolae_letterblocks
          [nicolae_letter_subblock, nicolae_letter_subblock,
          nicolae_letter_subblock, nicolae_letter_subblock,
          nicolae_letter_subblock, nicolae_letter_subblock,
          nicolae_letter_subblock, nicolae_letter_subblock,
          nicolae_letter_subblock, nicolae_letter_subblock,
          nicolae_letter_subblock, nicolae_letter_subblock,
          nicolae_letter_subblock, nicolae_letter_subblock,
          nicolae_letter_subblock, nicolae_letter_subblock,
          nicolae_letter_subblock, nicolae_letter_subblock,
          nicolae_letter_subblock, nicolae_letter_subblock,
          nicolae_letter_subblock, nicolae_letter_subblock,
          nicolae_letter_subblock, nicolae_letter_subblock,
          nicolae_letter_subblock]
D:6:      layout_loops_ring, serial_shops, nicolae_shop_gibbet_a_chance,
          minivault_5, minmay_holes, uniq_prince_ribbit1
D:7:      layout_loops_corners, ashenzari_conservatory_becter, uniq_maggie
D:8:      layout_gridville, grunt_temple_overflow_open
D:9:      layout_basic, dk_yredelemnul_ordeal, grunt_lair_entry_orc_guard_hut,
          chequers_serial_rivers_large_a
D:10:     layout_loops_ring, enter_bailey_3, grunt_decor_clamped,
          minmay_diamond_spiral
D:11:     nicolae_BIG_FREAKIN_CUBE, layout_loops_ring,
          minmay_misc_feat_nine_boxes, grunt_ministairs_8
D:12:     layout_loops_ring
D:13:     layout_loops_ring, chequers_serial_rivers_micro_b
D:14:     kennysheep_bubbly, layout_irregular_city,
          grunt_vaults_entry_fortified, minmay_misc_feat_secret_circle,
          nicolae_tricolors
D:15:     gammafunk_enter_depths_forms, layout_stronghold,
          gauntlet_entry_generic, uniq_azrael
Lair:1:   layout_small_grid
Lair:2:   layout_cave_pods, mainiacjoe_shoals_entry_four_pools,
          minmay_snake_entry_guardpost_small, beast_lair_carwin_6,
          grunt_megastairs_5
Lair:3:   layout_hall_layers, grunt_megastairs_1
Lair:4:   layout_regular_city, nicolae_slime_entry_field_trip
Lair:5:   evilmike_catoblepas_cave, layout_loops_ring, st_stairs_9,
          grunt_megastairs_3, infiniplex_staircase_pool_2
Shoals:1: cheibrodos_shoals_roost, layout_shoals, st_sunken_huts, uniq_mlioglotl
Shoals:2: layout_shoals, uniq_ilsuiw
Shoals:3: layout_shoals, nicolae_shoals_nymph_descending_staircase
Snake:1:  layout_grid_maze, nicolae_triple_integral, serial_bayou_shore_b
Snake:2:  nicolae_snakescales, layout_chambers, grunt_ministairs_2
Snake:3:  layout_layer_cave, gammafunk_ghost_wrathful_warriors
Snake:4:  grunt_snake_rune_pools, layout_misc_corridors,
          nicolae_wooded_promenade
Orc:1:    nicolae_orc_accident_1, layout_caves
Orc:2:    grunt_orc_community_town_hall, layout_caves,
          grunt_orc_community_big_house_2, grunt_orc_community_big_house_2,
          grunt_orc_community_house_3, grunt_orc_community_house_1,
          grunt_orc_community_house_2, grunt_orc_community_house_2,
          grunt_orc_community_house_2

Skill      XL: |  1  2  3  4  5  6  7  8  9 10 11 12 13 14 15 16 17 |
---------------+----------------------------------------------------+-----
Ranged Weapons | 4 5 6 8 9 11 12 14 16 17 18 | 18.1
Fighting       | 2 3 4 5 6 7 8 9 11 13 14 15 | 15.0
Armour         | 1 3 4 5 6 8 9 10 11 | 11.0
Dodging        | 2 3 4 5 6 7 8 9 11 13 16 | 16.5
Stealth        | |  0.8

Action                     |  1- 3 |  4- 6 |  7- 9 | 10-12 | 13-15 | 16-18 || total
---------------------------+-------+-------+-------+-------+-------+-------++-------
   Fire: Shortbow          |   132 |    77 |   359 |    45 |       |       ||   613
         Orcbow            |       |       |       |   895 |  1884 |   399 ||  3178
         Longbow           |       |       |       |       |       |   430 ||   430
  Evoke: Wand              |       |       |       |    11 |     5 |     3 ||    19
    Use: Scroll            |    10 |     2 |     8 |    13 |    11 |     3 ||    47
         Potion            |     1 |     1 |     1 |     5 |     4 |     2 ||    14
 Armour: Leather armour    |    19 |       |       |       |       |       ||    19
         Ring mail         |    12 |    46 |    15 |       |       |       ||    73
         Robe              |       |       |    18 |       |       |       ||    18
         Swamp dragon scal |       |       |    30 |   240 |   331 |   171 ||   772
  Dodge: Dodged            |    23 |    38 |   146 |   454 |   878 |   554 ||  2093
  Block: Other             |       |       |    18 |   106 |   209 |    98 ||   431
         Reflection        |       |       |       |     4 |    31 |    13 ||    48

Table legend:
 A = Non-vault XP
 B = Vault XP
 C = Vault XP percentage of total XP
 D = Non-vault monster count
 E = Vault monster count
 F = Vault count percentage of total count
                 A         B        C        D         E       F
            +---------+---------+-------+---------+---------+-------
      Total |  180585 |   88103 |  32.8 |     658 |     255 |  27.9
            +---------+---------+-------+---------+---------+-------
        D:1 |      50 |       0 |   0.0 |      28 |       0 |   0.0
        D:2 |      51 |       0 |   0.0 |      22 |       0 |   0.0
        D:3 |      47 |     279 |  85.6 |      14 |       2 |  12.5
        D:4 |     403 |     189 |  31.9 |      17 |      10 |  37.0
        D:5 |     515 |       0 |   0.0 |      15 |       0 |   0.0
        D:6 |     634 |     296 |  31.8 |      21 |       1 |   4.5
        D:7 |     869 |     385 |  30.7 |      15 |       1 |   6.2
        D:8 |    1980 |       0 |   0.0 |      27 |       0 |   0.0
        D:9 |    3521 |    1315 |  27.2 |      38 |       5 |  11.6
       D:10 |     539 |    1220 |  69.4 |       8 |       8 |  50.0
       D:11 |    8200 |     226 |   2.7 |      30 |       8 |  21.1
       D:12 |    4078 |       0 |   0.0 |      16 |       0 |   0.0
       D:13 |    5423 |       0 |   0.0 |      13 |       0 |   0.0
       D:14 |    7989 |   12078 |  60.2 |      15 |      23 |  60.5
       D:15 |    9535 |    6556 |  40.7 |      32 |      14 |  30.4
     Lair:1 |    3716 |     638 |  14.7 |      21 |       3 |  12.5
     Lair:2 |    7010 |    3657 |  34.3 |      23 |      14 |  37.8
     Lair:3 |    6594 |    1170 |  15.1 |      25 |       2 |   7.4
     Lair:4 |    5875 |     689 |  10.5 |      20 |       6 |  23.1
     Lair:5 |   10797 |   11642 |  51.9 |      24 |      26 |  52.0
   Shoals:1 |   12604 |   10405 |  45.2 |      22 |      16 |  42.1
   Shoals:2 |    9835 |    3443 |  25.9 |      19 |       5 |  20.8
   Shoals:3 |   14033 |    1274 |   8.3 |      26 |       3 |  10.3
    Snake:1 |   13946 |       0 |   0.0 |      29 |       0 |   0.0
    Snake:2 |    8999 |    5155 |  36.4 |      17 |      10 |  37.0
    Snake:3 |   18185 |       0 |   0.0 |      32 |       0 |   0.0
    Snake:4 |   21238 |   17464 |  45.1 |      37 |      26 |  41.3
      Orc:1 |    2286 |     873 |  27.6 |      34 |       4 |  10.5
      Orc:2 |    1633 |    9149 |  84.9 |      18 |      68 |  79.1
            +---------+---------+-------+---------+---------+-------
